 Dungeon Crawl Stone Soup version 0.25-a0-98-g0cf78c2f83 (console) character file.

Game seed: 5583173415970197927, levelgen mode: deterministic

1458 Kagalorn the Gusty (level 8, -4/58 HPs)
             Began as a Gnoll Air Elementalist on Nov 13, 2019.
             Was a Follower of Cheibriados.
             Slain by a two-headed ogre
             ... wielding a +0 giant club
              (19 damage)
             ... on level 6 of the Dungeon.
             The game lasted 00:19:35 (5615 turns).

Kagalorn the Gusty (Gnoll Air Elementalist)         Turns: 5615, Time: 00:19:36

Health: -4/58      AC:  6    Str: 13    XL:     8   Next: 76%
Magic:  0/17       EV: 16    Int: 23    God:    Cheibriados [*.....]
Gold:   375        SH:  0    Dex: 19    Spells: 12/19 levels left

rFire    . . .     SeeInvis .   s - +1 spear (pierce)
rCold    . . .     Gourm    .   (no shield)
rNeg     . . .     Faith    .   a - +0 robe
rPois    .         Spirit   .   p - +1 helmet
rElec    .         Reflect  .   y - +0 cloak
rCorr    .         Harm     .   (no gloves)
MR       .....                  m - +0 pair of boots
Stlth    +++.......             (no amulet)
HPRegen  1.19/turn              (no ring)
MPRegen  0.15/turn              (no ring)

@: very slightly contaminated, regenerating, very slow
A: distributed training, fangs 1, strong nose
a: Bend Time, Renounce Religion


You were on level 6 of the Dungeon.
You worshipped Cheibriados.
Cheibriados was aware of your devotion.
You were not hungry.

You visited 2 branches of the dungeon, and saw 7 of its levels.

You collected 375 gold pieces.

Inventory:

Hand Weapons
 i - a +0 dagger
 r - a +0 hand crossbow of flaming
 s - a +1 spear of piercing (weapon)
 x - a +2 quarterstaff of chaos
 z - a +0 quarterstaff
Missiles
 b - 5 javelins (quivered)
 h - 38 bolts
 k - 250 stones
 q - 29 poisoned darts
 v - 41 sling bullets
 A - 79 arrows
Armour
 a - a +0 robe (worn)
 m - a +0 pair of boots (worn)
 p - a +1 helmet (worn)
 y - a +0 cloak (worn)
 M - a +1 scale mail of cold resistance
Magical Staves
 N - an uncursed staff of death {unknown}
Jewellery
 I - a cursed ring of wizardry {unknown}
Wands
 o - a wand of flame (36)
Scrolls
 f - 2 scrolls of noise {unknown}
 g - 3 scrolls of teleportation
 j - 6 scrolls of remove curse {unknown}
 n - 12 scrolls of identify {unknown}
 t - 2 scrolls of blinking {unknown}
 u - 2 scrolls of enchant weapon {unknown}
 C - 2 scrolls of amnesia {unknown}
 F - a scroll of magic mapping {unknown}
 H - a scroll of random uselessness {unknown}
 J - a scroll of immolation {unknown}
 L - a scroll of fear {unknown}
Potions
 d - 2 potions of agility
 e - a potion of berserk rage {unknown}
 l - a potion of ambrosia {unknown}
 w - a potion of haste {unknown}
 B - a potion of resistance {unknown}
 D - a potion of curing
 E - a potion of mutation {unknown}
 G - 2 potions of flight {unknown}
Comestibles
 c - 9 rations
 K - 2 chunks of flesh


   Skills:
 + Level 3.5 Fighting
 + Level 3.5 Short Blades
 + Level 3.5 Long Blades
 + Level 3.5 Axes
 + Level 3.5 Maces & Flails
 + Level 3.5 Polearms
 + Level 3.5 Staves
 + Level 3.5 Slings
 + Level 3.5 Bows
 + Level 3.5 Crossbows
 + Level 3.5 Throwing
 + Level 3.5 Armour
 + Level 5.8 Dodging
 + Level 5.5 Stealth
 + Level 3.5 Shields
 + Level 3.5 Unarmed Combat
 + Level 6.1 Spellcasting
 + Level 3.6 Conjurations
 + Level 2.8 Hexes
 + Level 2.8 Charms
 + Level 2.8 Summonings
 + Level 2.8 Necromancy
 + Level 2.8 Translocations
 + Level 2.8 Transmutations
 + Level 2.8 Fire Magic
 + Level 2.8 Ice Magic
 + Level 6.2 Air Magic
 + Level 2.8 Earth Magic
 + Level 2.8 Poison Magic
 + Level 3.8 Invocations
 + Level 3.5 Evocations


You had 12 spell levels left.
You knew the following spells:

 Your Spells              Type           Power        Failure   Level  Hunger
a - Shock                 Conj/Air       ####         1%          1    None
b - Static Discharge      Conj/Air       ####....     3%          3    #......
c - Regeneration          Chrm/Necr      ###.......   8%          3    #......

Your spell library contained the following spells:

 Spells                   Type           Power        Failure   Level  Hunger
 Swiftness                Chrm/Air       ####....     1%          2    None
 Animate Skeleton         Necr           N/A          2%          1    None
 Pain                     Necr           ###.         2%          1    None
 Airstrike                Air            #####.....   6%          4    ###....
 Vampiric Draining        Necr           ###.......   8%          3    #......
 Animate Dead             Necr           N/A          26%         4    ###....
 Lightning Bolt           Conj/Air       ####......   30%         5    #####..


Dungeon Overview and Level Annotations

Branches:
Dungeon (6/15)             Temple (1/1) D:4

Altars:
Cheibriados
Dithmenos
Elyvilon
Fedhas
Kikubaaqudgha
Makhleb
Nemelex Xobeh
Ru
Sif Muna
Trog
Uskayaw
Wu Jian
Xom
Zin


Innate Abilities, Weirdness & Mutations

Your experience applies equally to all skills.
You have very sharp teeth.
Your uncanny sense of smell can sniff out nearby items.


Message History

Press: ? - help, Shift-Dir - straight line, p - two-headed ogre The zap hits the two-headed ogre!
The two-headed ogre is severely wounded.
The zap hits the two-headed ogre.
The two-headed ogre is severely wounded.
Casting: Shock (safe; 1% risk of failure)
Confirm with . or Enter, or press ? or * to list all spells.
Aiming: Shock (safe; 1% risk of failure)
Press: ? - help, Shift-Dir - straight line The zap hits the two-headed ogre.
The two-headed ogre is almost dead.
The zap hits the two-headed ogre but does no damage.
The two-headed ogre is almost dead.
The two-headed ogre barely misses you.
The two-headed ogre hits you with a +0 giant spiked club!
* * * LOW HITPOINT WARNING * * *
You hit the two-headed ogre. Your bite misses the two-headed ogre.
The two-headed ogre is almost dead.
The two-headed ogre hits you with a +0 giant club!!
You die...

.# ∆ ................ .#
................ .#
................ .#
................ .#
................ .#
..............=. .#######
................
###....##########O############.
............'...@..#...........
.<..........#......#..........
............#......#......... ...
###..####...##.....##.......##...
###..####...##.....##....>..##...
#...........##.....##......[##...
#.........................).##...
#..........................)#....
#...........................#....


You could see a two-headed ogre.

Vanquished Creatures
  Grinder (D:4)
  Sigmund (D:5)
  Edmund (D:4)
  A centaur (D:4)
  Blork the orc (D:4)
  A scorpion (D:5)
  2 crimson imps
  A centaur zombie (D:5)
  An orc priest (D:2)
  Crazy Yiuf (D:2)
  An iguana (D:6)
  3 orc wizards
  5 worker ants
  A hound skeleton (D:5)
  Robin (D:2)
  11 gnolls
  11 adders
  A shadow imp (D:6)
  An ooze (D:2)
  4 adder skeletons
  2 dart slugs
  A worm (D:3)
  5 leopard geckos
  29 orcs
  7 bats
  6 giant cockroaches
  10 goblins
  8 hobgoblins
  2 jackals (D:5)
  6 quokkas
  3 frilled lizards
  11 kobolds
  A quokka zombie (D:5)
  9 rats
150 creatures vanquished.

Notes
Turn   | Place    | Note
-------+----------+-------------------------------------------
     0 | D:1      | Kagalorn the Gnoll Air Elementalist began the quest for the
                  | Orb.
     0 | D:1      | Reached XP level 1. HP: 13/13 MP: 6/6
   163 | D:1      | Reached XP level 2. HP: 19/19 MP: 4/7
   932 | D:2      | Reached XP level 3. HP: 25/25 MP: 6/9
   956 | D:2      | Reached skill level 5 in Spellcasting
   971 | D:2      | Reached skill level 1 in Invocations
  1069 | D:2      | Learned a level 3 spell: Static Discharge
  1076 | D:2      | Noticed Robin
  1098 | D:2      | Killed Robin
  1103 | D:2      | Reached skill level 1 in Fighting
  1103 | D:2      | Reached skill level 1 in Short Blades
  1103 | D:2      | Reached skill level 1 in Long Blades
  1103 | D:2      | Reached skill level 1 in Axes
  1103 | D:2      | Reached skill level 1 in Maces & Flails
  1103 | D:2      | Reached skill level 1 in Polearms
  1103 | D:2      | Reached skill level 1 in Staves
  1103 | D:2      | Reached skill level 1 in Slings
  1103 | D:2      | Reached skill level 1 in Bows
  1103 | D:2      | Reached skill level 1 in Crossbows
  1103 | D:2      | Reached skill level 1 in Throwing
  1103 | D:2      | Reached skill level 1 in Armour
  1103 | D:2      | Reached skill level 1 in Shields
  1103 | D:2      | Reached skill level 1 in Unarmed Combat
  1103 | D:2      | Reached skill level 1 in Evocations
  1126 | D:2      | Reached XP level 4. HP: 32/32 MP: 1/11
  1408 | D:2      | Reached skill level 1 in Hexes
  1408 | D:2      | Reached skill level 1 in Charms
  1408 | D:2      | Reached skill level 1 in Summonings
  1408 | D:2      | Reached skill level 1 in Necromancy
  1408 | D:2      | Reached skill level 1 in Translocations
  1408 | D:2      | Reached skill level 1 in Transmutations
  1408 | D:2      | Reached skill level 1 in Fire Magic
  1408 | D:2      | Reached skill level 1 in Ice Magic
  1408 | D:2      | Reached skill level 1 in Earth Magic
  1408 | D:2      | Reached skill level 1 in Poison Magic
  1456 | D:2      | Reached XP level 5. HP: 25/37 MP: 4/12
  1614 | D:2      | Found a shadowy altar of Dithmenos.
  1732 | D:2      | Found a burning altar of Makhleb.
  2090 | D:2      | Found a runed translucent door.
  2091 | D:2      | Noticed Crazy Yiuf
  2100 | D:2      | Killed Crazy Yiuf
  2100 | D:2      | Reached XP level 6. HP: 44/44 MP: 7/13
  2418 | D:2      | Reached skill level 5 in Dodging
  3144 | D:4      | Reached XP level 7. HP: 18/50 MP: 10/15
  3397 | D:4      | Found a staircase to the Ecumenical Temple.
  3414 | Temple   | Entered the Ecumenical Temple
  3634 | Temple   | Became a worshipper of Cheibriados the Contemplative
  3652 | D:4      | Learned a level 3 spell: Regeneration
  3673 | D:4      | Noticed Grinder
  3690 | D:4      | Killed Grinder
  3690 | D:4      | Reached skill level 5 in Stealth
  3709 | D:4      | Noticed Blork the orc
  3797 | D:4      | Killed Blork the orc
  3896 | D:4      | Reached XP level 8. HP: 51/57 MP: 9/16
  4077 | D:4      | Found a shadowy altar of Dithmenos.
  4199 | D:4      | Noticed Edmund
  4493 | D:4      | Killed Edmund
  4533 | D:5      | Entered Level 5 of the Dungeon
  4588 | D:5      | Reached * piety under Cheibriados
  4678 | D:5      | Found a sparkling altar of Nemelex Xobeh.
  4737 | D:5      | Noticed Sigmund
  4745 | D:5      | Killed Sigmund
  5600 | D:6      | Noticed a two-headed ogre
  5615 | D:6      | Slain by a two-headed ogre

Levels and vault maps discovered:
D:1:      dpeg_arrival_rooms_with_view, layout_loops_corners
D:2:      layout_basic, lemuel_round_altar, grunt_dithmenos_smoke,
          uniq_crazy_yiuf_cottage, uniq_robin
D:3:      layout_rooms, hex_large, minmay_diced_spiral
D:4:      layout_loops_ring, kennysheep_mini, minmay_temple_entry_offerings,
          first_ration, minmay_misc_feat_four_crosses, uniq_grinder,
          uniq_blork_the_orc, uniq_edmund
D:5:      layout_basic, nemelex_xobeh_ov_fountains_minmay, bh_walls_and_bars,
          uniq_sigmund
D:6:      layout_gridville
Temple:   minmay_temple_curvy_loop

Skill      XL: |  1  2  3  4  5  6  7  8 |
---------------+-------------------------+-----
Conjurations   | 2 3 |  3.6
Spellcasting   | 5 6 |  6.1
Invocations    | 1 2 3 |  3.8
Fighting       | 1 2 3 |  3.5
Short Blades   | 1 2 3 |  3.5
Long Blades    | 1 2 3 |  3.5
Axes           | 1 2 3 |  3.5
Maces & Flails | 1 2 3 |  3.5
Polearms       | 1 2 3 |  3.5
Staves         | 1 2 3 |  3.5
Slings         | 1 2 3 |  3.5
Bows           | 1 2 3 |  3.5
Crossbows      | 1 2 3 |  3.5
Throwing       | 1 2 3 |  3.5
Armour         | 1 2 3 |  3.5
Shields        | 1 2 3 |  3.5
Unarmed Combat | 1 2 3 |  3.5
Evocations     | 1 2 3 |  3.5
Hexes          | 1 2 |  2.8
Charms         | 1 2 |  2.8
Summonings     | 1 2 |  2.8
Necromancy     | 1 2 |  2.8
Translocations | 1 2 |  2.8
Transmutations | 1 2 |  2.8
Fire Magic     | 1 2 |  2.8
Ice Magic      | 1 2 |  2.8
Earth Magic    | 1 2 |  2.8
Poison Magic   | 1 2 |  2.8
Dodging        | 5 |  5.8
Stealth        | 5 |  5.5
Air Magic      | 6 |  6.2

Action                   |  1- 3 |  4- 6 |  7- 9 || total
-------------------------+-------+-------+-------++-------
Melee: Unarmed           |     1 |       |       ||     1
       Dagger            |       |     8 |       ||     8
       Spear             |       |    13 |    44 ||    57
       Bite              |       |     2 |     8 ||    10
 Cast: Shock             |    57 |   135 |   142 ||   334
       Static Discharge  |       |       |     9 ||     9
       Regeneration      |       |       |     5 ||     5
  Use: Scroll            |       |       |     2 ||     2
       Potion            |       |       |     2 ||     2
 Stab: Sleeping          |       |     1 |     2 ||     3
  Eat: Chunk             |       |     6 |     1 ||     7
       Ration            |       |       |     2 ||     2
Armor: Robe              |     6 |    15 |    18 ||    39
Dodge: Dodged            |    11 |    49 |    69 ||   129

Table legend:
 A = Non-vault XP
 B = Vault XP
 C = Vault XP percentage of total XP
 D = Non-vault monster count
 E = Vault monster count
 F = Vault count percentage of total count
                 A         B        C        D         E       F
            +---------+---------+-------+---------+---------+-------
      Total |    1227 |     856 |  41.1 |     127 |      23 |  15.3
            +---------+---------+-------+---------+---------+-------
        D:1 |      24 |       5 |  17.2 |      16 |       2 |  11.1
        D:2 |     279 |      76 |  21.4 |      32 |      12 |  27.3
        D:3 |     130 |      21 |  13.9 |      30 |       5 |  14.3
        D:4 |     420 |     557 |  57.0 |      21 |       3 |  12.5
        D:5 |     226 |     197 |  46.6 |      17 |       1 |   5.6
        D:6 |     148 |       0 |   0.0 |      11 |       0 |   0.0
            +---------+---------+-------+---------+---------+-------
